 Seeded DCSS version 0.28.0-53-g5a82cb258f (webtiles) character file.

Game seed: 1973 (custom seed)

12088 Kazon the Cutter (level 11, -12/58 HPs)
             Began as a Vine Stalker Monk on July 14, 2022.
             Was an Elder of Makhleb.
             Mangled by a skeletal warrior
             ... wielding a +0 war axe
             ... led by a skeletal warrior
              (18 damage)
             ... on level 11 of the Dungeon.
             The game lasted 00:55:48 (8622 turns).

Kazon the Cutter (Vine Stalker Monk)                Turns: 8622, Time: 00:55:49

Health: -12/58     AC: 13    Str: 21    XL:     11   Next: 87%
Magic:  0/26       EV:  6    Int:  7    God:    Makhleb [****..]
Gold:   515        SH: 14    Dex: 17    Spells: 10/10 levels left

rFire   . . .      SeeInvis .   a - +2 scimitar (freeze)
rCold   . . .      Faith    .   c - +0 tower shield
rNeg    + . .      Spirit   +   R - +2 chain mail {rPois}
rPois   +          Reflect  .   o - +1 hat {Stlth+}
rElec   +          Harm     .   (no cloak)
rCorr   .          Rampage  .   (no gloves)
Will    +....                   C - +0 pair of boots
Stlth   +.........              j - amulet of magic regeneration
HPRegen 0.99/turn               w - ring of Moasoh {rElec rN+ MP+9 Str+3 Int-3}
MPRegen 0.60/turn               K - ring of poison resistance

@: no status effects
A: fangs 3, regeneration 1, magic shield, antimagic bite, no potion heal 2
a: Renounce Religion, Minor Destruction, Lesser Servant of Makhleb, Major
Destruction


You were on level 11 of the Dungeon.
You worshipped Makhleb.
Makhleb was greatly pleased with you.
You visited 2 branches of the dungeon, and saw 12 of its levels.
You also visited: Ossuary.

You collected 647 gold pieces.
You spent 132 gold pieces at shops.

Inventory:

Hand Weapons
 a - a +2 scimitar of freezing (weapon)
 d - a +2 vampiric dagger
 l - a +0 short sword of venom
Missiles
 e - 256 stones
 f - 9 poisoned darts
 z - 3 throwing nets
 P - 2 curare-tipped darts
Armour
 c - a +0 tower shield (worn)
 o - a +1 hat of stealth (worn)
 x - a +0 leather armour of fire resistance
 C - a +0 pair of boots (worn)
 D - an orb of wrath
 R - a +2 chain mail of poison resistance (worn)
Jewellery
 j - an amulet of magic regeneration (around neck)
 s - a ring of fire
 w - the ring of Moasoh (left hand) {rElec rN+ MP+9 Str+3 Int-3}
   (You acquired it on level 5 of the Dungeon)

   [ring of magical power]

   Str:       It affects your strength (+3).
   Int:       It affects your intelligence (-3).
   rElec:     It insulates you from electricity.
   rN:        It protects you from negative energy.
   MP:        It affects your magic capacity (+9).
 H - the ring of Icloeci {Fire Drain Str+3 Dex+5}
   (You found it on level 9 of the Dungeon)

   [ring of fire]

   It enhances your fire magic.
   Str:       It affects your strength (+3).
   Dex:       It affects your dexterity (+5).
   rF:        It protects you from fire.
   rC:        It makes you vulnerable to cold.
   Drain:     It drains your maximum health when unequipped.
 K - a ring of poison resistance (right hand)
Wands
 p - a wand of flame (29) (quivered)
Scrolls
 b - a scroll of magic mapping {unknown}
 g - 2 scrolls of enchant weapon
 i - a scroll of identify
 n - 6 scrolls of teleportation
 r - 2 scrolls of amnesia {unknown}
 v - 2 scrolls of fog
 y - a scroll of vulnerability {unknown}
 B - 3 scrolls of immolation {unknown}
 E - a scroll of brand weapon {unknown}
 F - 3 scrolls of blinking {unknown}
 J - 3 scrolls of enchant armour {unknown}
 O - a scroll of silence {unknown}
Potions
 h - 4 potions of might
 k - 2 potions of mutation
 m - 2 potions of berserk rage
 q - 2 potions of flight
 t - 3 potions of cancellation
 u - a potion of resistance
 G - 2 potions of invisibility
 I - a potion of lignification
 M - 2 potions of magic
 N - a potion of haste
 Q - 12 potions of curing
Miscellaneous
 L - a box of beasts


   Skills:
 * Level 6.7 Fighting
 + Level 7.8(7.9) Short Blades
 + Level 2.1(5.3) Long Blades
 + Level 2.7 Throwing
 + Level 4.8 Armour
 + Level 4.7 Dodging
 + Level 6.2 Stealth
 + Level 4.9 Shields
 + Level 7.1 Invocations
 * Level 7.0 Evocations


You had 10 spell levels left.
You didn't know any spells.
Your spell library contained the following spells:

 Spells                   Type           Power      Damage    Failure   Level
 Sting                    Tmut/Pois      0%         1d3       100%        1
 Ensorcelled Hibernation  Hex/Ice        0%         N/A       100%        2
 Poisonous Vapours        Pois/Air       0%         N/A       100%        2
 Sublimation of Blood     Necr           0%         N/A       100%        2
 Portal Projectile        Hex/Tloc       0%         N/A       100%        3
 Spider Form              Tmut/Pois      0%         N/A       100%        3
 Anguish                  Hex/Necr       0%         N/A       100%        4
 Hailstorm                Conj/Ice       0%         3d3       100%        4
 Ice Form                 Ice/Tmut       0%         N/A       100%        4
 Olgreb's Toxic Radiance  Pois           0%         N/A       100%        4
 Petrify                  Tmut/Erth      0%         N/A       100%        4
 Blade Hands              Tmut           0%         N/A       100%        5
 Excruciating Wounds      Necr           0%         N/A       100%        5
 Irradiate                Conj/Tmut      0%         3d13      100%        5
 Summon Forest            Summ/Tloc      0%         N/A       100%        5
 Eringya's Noxious Bog    Tmut/Pois      0%         N/A       100%        6
 Simulacrum               Ice/Necr       0%         N/A       100%        6
 Ozocubu's Refrigeration  Ice            0%         4d5       100%        7
 Summon Hydra             Summ           0%         N/A       100%        7
 Ignition                 Fire           0%         3d3       100%        8


Dungeon Overview and Level Annotations

Branches:
Dungeon (11/15)            Temple (1/1) D:4            Lair (0/6) D:11
    Orc (0/2) D:9         Ossuary (visited)

Altars:
Ashenzari
Cheibriados
Dithmenos
Elyvilon
Fedhas
Kikubaaqudgha
Makhleb
Nemelex Xobeh
Okawaru
Sif Muna
Trog
Uskayaw
Vehumet
Xom
Yredelemnul
Zin
The Shining One

Shops:
D:6 !


Innate Abilities, Weirdness & Mutations

You have razor-sharp teeth.
Your natural rate of healing is unusually fast.
When hurt, damage is shared between your health and your magic reserves.
Your bite disrupts and absorbs the magic of your enemies.
Potions cannot restore your health.


Message History

The skeletal warrior is destroyed!
Makhleb accepts your kill.
The skeletal warrior hits your smoke demon with a +0 war axe.
Your smoke demon dies!
Your smoke demon disappears in a puff of smoke!
The skeletal warrior hits you with a +0 hand axe!
The skeletal warrior hits your smoke demon with a +0 hand axe!
Your smoke demon hits the skeletal warrior. x2
Your smoke demon barely misses the skeletal warrior.
Your Evocations skill increases to level 7!
You hit the skeletal warrior but do no damage.
Your bite misses the skeletal warrior.
The skeletal warrior is heavily damaged.
You block the skeletal warrior's attack.
The skeletal warrior hits your smoke demon with a +0 hand axe.
Your smoke demon hits the skeletal warrior but does no damage.
Your smoke demon closely misses the skeletal warrior.
Your smoke demon hits the skeletal warrior but does no damage.
You barely miss the skeletal warrior.
The skeletal warrior is heavily damaged.
The skeletal warrior hits you with a +0 war axe!!
The skeletal warrior hits your smoke demon with a +0 war axe!
The skeletal warrior hits you with a +0 hand axe!
* * * LOW HITPOINT WARNING * * *
The skeletal warrior closely misses your smoke demon.
Your smoke demon hits the skeletal warrior but does no damage. x2
Your smoke demon hits the skeletal warrior.
The skeletal warrior hits you but does no damage.
The skeletal warrior hits your smoke demon with a +0 war axe!
Your smoke demon dies!
Your smoke demon disappears in a puff of smoke!
The skeletal warrior hits you with a +0 hand axe.
* * * LOW HITPOINT WARNING * * *
The skeletal warrior hits you with a +0 war axe!
* * * LOW HITPOINT WARNING * * *
Okay, then.
Okay, then.
There is a stone staircase leading up, spattered with blood here.
The skeletal warrior hits you with a +0 war axe!!
You die...

.....#...#..............
....#...#[.............
.#####...#...####.......#...
.........#..............#...
......)(.#..............#...
.........#..................
#....###.###......≈.≈....≈.#
.... #.z........≈....≈≈...
... #..z@....≈.≈≈≈≈.≈.... ..
#......≈†≈≈.≈≈≈≈≈.... #
#########...≈≈≈≈≈≈≈≈≈...#
#...........≈≈≈≈≈≈≈≈≈≈≈≈.
#.........†≈≈≈.≈.≈.≈≈≈≈≈.
#..........≈≈÷÷...≈≈≈≈≈≈.
#.........†≈≈.≈.>.≈≈≈≈≈≈.
#.........†≈≈≈....≈≈≈≈≈≈.
#..........≈≈≈.≈..≈≈≈≈≈≈.


You could see 2 skeletal warriors.

Vanquished Creatures
  Gastronok (D:8)
  Harold (D:8)
  3 two-headed ogres (D:9)
  A manticore (D:9)
  A komodo dragon (D:7)
  A tengu conjurer (D:10)
  2 trolls (D:10)
  A shadow (D:10)
  A wyvern (D:10)
  A wraith (D:11)
  4 wargs (D:9)
  A water moccasin (D:4)
  A black bear (D:7)
  A sky beast (D:7)
  An ice beast (D:8)
  A hornet zombie (Ossuary)
  3 ogres
  2 necrophages
  3 wolves (D:11)
  2 centaurs
  A phantom (D:3)
  3 kobold brigands
  4 bullfrogs
  3 scorpions
  2 wyvern zombies (Ossuary)
  2 water moccasin zombies (Ossuary)
  9 killer bees
  3 electric eels (D:11)
  23 wights
  4 bullfrog zombies
  A howler monkey (D:9)
  8 centaur zombies
  6 hounds
  A centaur skeleton (D:7)
  A jelly (D:6)
  An orc priest (D:7)
  A bullfrog skeleton (D:6)
  A gnoll shaman (D:9)
  An iron imp (D:3)
  Jessica (D:2)
  2 iguanas
  2 orc wizards (D:10)
  A killer bee zombie (Ossuary)
  A hound skeleton (D:4)
  16 mummies (Ossuary)
  7 gnolls
  A howler monkey skeleton (D:4)
  6 adders
  A white imp (D:5)
  An ufetubus (D:4)
  A worm (D:2)
  A dart slug (D:3)
  7 orcs
  5 endoplasms
  6 giant cockroaches
  11 goblins
  9 hobgoblins
  9 jackals (D:1)
  20 kobolds
  6 quokkas
  13 ball pythons
  2 bats
  6 frilled lizards
  6 rats
248 creatures vanquished.

Vanquished Creatures (collateral kills)
  A skeletal warrior (D:11)
  Prince Ribbit (D:8)
  3 wyvern zombies (Ossuary)
  3 killer bees (D:8)
8 creatures vanquished.

Vanquished Creatures (others)
  An orc wizard (D:10)
  9 withered plants (Ossuary)
10 creatures vanquished.

Grand Total: 266 creatures vanquished

Notes
Turn   | Place    | Note
-------+----------+-------------------------------------------
     0 | D:1      | Kazon the Vine Stalker Monk began the quest for the Orb.
     0 | D:1      | Reached XP level 1. HP: 11/11 MP: 2/2
   422 | D:1      | Reached XP level 2. HP: 11/16 MP: 0/3
   672 | D:1      | Reached XP level 3. HP: 19/19 MP: 4/4
  1209 | D:2      | Noticed Jessica
  1212 | D:2      | Gained mutation: Your natural rate of healing is unusually
                  | fast. [Vine Stalker growth]
  1212 | D:2      | Reached XP level 4. HP: 24/24 MP: 5/5
  1216 | D:2      | Killed Jessica
  1317 | D:2      | Found a faded altar of an unknown god.
  1413 | D:2      | Reached skill level 1 in Throwing
  1534 | D:2      | Reached XP level 5. HP: 28/28 MP: 6/6
  1845 | D:3      | Found a sparkling altar of Nemelex Xobeh.
  1977 | D:3      | Found a bloodstained altar of Trog.
  2134 | D:3      | Found a snail-covered altar of Cheibriados.
  2403 | D:3      | Noticed a phantom
  2449 | D:3      | Killed a phantom
  2450 | D:3      | Reached XP level 6. HP: 13/32 MP: 3/7
  2800 | D:4      | Found a staircase to the Ecumenical Temple.
  2807 | Temple   | Entered the Ecumenical Temple
  2832 | Temple   | Became a worshipper of Makhleb the Destroyer
  2832 | Temple   | Reached * piety under Makhleb
  2832 | Temple   | Reached ** piety under Makhleb
  2864 | D:4      | Reached skill level 1 in Evocations
  2911 | D:4      | Found a hide-covered altar of Uskayaw.
  2980 | D:4      | Noticed a water moccasin
  3001 | D:4      | Killed a water moccasin
  3002 | D:4      | Reached skill level 1 in Invocations
  3002 | D:4      | Reached XP level 7. HP: 10/37 MP: 8/8
  3022 | D:5      | Entered Level 5 of the Dungeon
  3267 | D:4      | Reached skill level 5 in Short Blades
  3475 | D:5      | Reached skill level 5 in Stealth
  3724 | D:5      | Reached skill level 1 in Armour
  3724 | D:5      | Gained mutation: You have razor-sharp teeth. [Vine Stalker
                  | growth]
  3724 | D:5      | Reached XP level 8. HP: 42/42 MP: 10/10
  3727 | D:5      | Identified a scroll of acquirement
  3870 | D:5      | Acquired the ring of Moasoh {rElec rN+ MP+9 Str+3 Int-3}
  4330 | D:6      | Found Vaffell's Distillery.
  4366 | D:6      | Bought a potion of mutation for 96 gold pieces
  4366 | D:6      | Bought a potion of lignification for 36 gold pieces
  4457 | D:6      | Found a shimmering altar of Xom.
  4695 | D:7      | Noticed a komodo dragon
  4700 | D:7      | Killed a komodo dragon
  4858 | D:7      | Reached XP level 9. HP: 45/46 MP: 12/12
  4858 | D:7      | Reached *** piety under Makhleb
  5266 | D:7      | Reached skill level 1 in Shields
  5727 | D:8      | Reached skill level 5 in Fighting
  5752 | D:8      | Noticed Harold
  5753 | D:8      | Noticed Prince Ribbit
  5766 | D:8      | Killed Harold
  5767 | D:8      | Reached skill level 5 in Evocations
  5767 | D:8      | Reached XP level 10. HP: 29/51 MP: 14/14
  5769 | D:8      | Killed Prince Ribbit
  5786 | D:8      | Found a sand-covered staircase.
  5796 | Ossuary  | Entered an ossuary
  5853 | Ossuary  | Reached skill level 5 in Invocations
  6208 | D:8      | Found a glowing silver altar of Zin.
  6288 | D:8      | Reached **** piety under Makhleb
  6333 | D:8      | Noticed Gastronok
  6351 | D:8      | Killed Gastronok
  6617 | D:8      | Found a broken altar of Ashenzari.
  6758 | D:9      | Identified the ring of Icloeci {Fire Drain Str+3 Dex+5}
  6842 | D:9      | Found an iron altar of Okawaru.
  6866 | D:9      | Noticed a manticore
  6883 | D:9      | Killed a manticore
  6958 | D:9      | Noticed a two-headed ogre
  6964 | D:9      | Killed a two-headed ogre
  6965 | D:9      | Reached XP level 11. HP: 56/56 MP: 16/16
  7313 | D:9      | Found a staircase to the Orcish Mines.
  7328 | D:9      | Reached skill level 1 in Long Blades
  7429 | D:9      | Noticed a two-headed ogre
  7446 | D:9      | Killed a two-headed ogre
  7471 | D:9      | Noticed a two-headed ogre
  7484 | D:9      | Killed a two-headed ogre
  7626 | D:10     | Entered Level 10 of the Dungeon
  7725 | D:10     | Found a radiant altar of Vehumet.
  7967 | D:10     | Found a glowing golden altar of the Shining One.
  7969 | D:10     | Noticed an angel
  7976 | D:10     | Found a basalt altar of Yredelemnul.
  7978 | D:10     | Noticed a profane servitor
  8045 | D:10     | Found a shadowy altar of Dithmenos.
  8221 | D:10     | Reached ***** piety under Makhleb
  8418 | D:11     | Found a staircase to the Lair.
  8602 | D:11     | Noticed a skeletal warrior
  8604 | D:11     | Noticed a skeletal warrior
  8607 | D:11     | Noticed a skeletal warrior
  8614 | D:11     | Killed a skeletal warrior
  8618 | D:11     | HP: 2/58 [skeletal warrior/+0 war axe[a skeletal warrior]
                  | (9)]
  8622 | D:11     | Mangled by a skeletal warrior

Illustrated notes

Levels and vault maps discovered:
D:1:      scummos_arrival_simple_crosswalls, layout_basic, minmay_tripent
D:2:      layout_basic, shapermc_ecumenical_altar_totnotflames, uniq_jessica
D:3:      minmay_skewed_foursquare, layout_basic, slow_altar_1,
          nemelex_diamond_rough_becter, mainiacjoe_overflow_surrounded_room
D:4:      layout_basic, nicolae_uskayaw_murder_on_the_dancefloor,
          minmay_temple_entry_mist, hex_tiny, hangedman_decor_diamond_cutter,
          minmay_misc_feat_tiny
D:5:      layout_basic
D:6:      layout_cave_pools, tgw_xom, serial_shops, shop, minmay_misc_feat_rows
D:7:      layout_basic
D:8:      layout_gridville, lemuel_crystal_altar, zin_scriptorium,
          lightli_ossuary_entry_decrepit_ruins, kennysheep_generic_room_12,
          uniq_prince_ribbit1, uniq_gastronok, uniq_harold
D:9:      layout_loops_ring, kennysheep_okawaru_gauntlet,
          minmay_orc_entry_guard_dogs
D:10:     layout_roguey, grunt_temple_overflow_holy_war, amcnicky_altar_gilded,
          grunt_dithmenos_smoke_and_mirrors, glass_columns_a, minmay_radiant
D:11:     layout_grid_maze, erik_lair_island, fedhas_altar_1
Temple:   cyrus_temple_forest

Skill      XL: |  1  2  3  4  5  6  7  8  9 10 11 |
---------------+----------------------------------+-----
Short Blades   | 3 4 5 6 7 |  7.8
Fighting       | 3 4 5 6 |  6.7
Stealth        | 3 4 5 6 |  6.2
Throwing       | 1 2 |  2.7
Dodging        | 3 4 |  4.7
Evocations     | 1 2 3 5 6 7 |  7.0
Invocations    | 1 2 3 4 6 7 |  7.1
Armour         | 1 2 3 4 |  4.8
Shields        | 2 4 |  4.9
Long Blades    | 2 |  2.1

Action                   |  1- 3 |  4- 6 |  7- 9 | 10-12 || total
-------------------------+-------+-------+-------+-------++-------
Melee: Dagger            |   111 |    63 |       |       ||   174
       Short sword       |     8 |   126 |   219 |   389 ||   742
       Bite              |    18 |    60 |    75 |   186 ||   339
       Punch             |     1 |     3 |     5 |       ||     9
       Scimitar          |       |       |       |    46 ||    46
Throw: Stone             |    27 |    22 |    13 |    20 ||    82
       Dart              |       |       |     9 |       ||     9
Invok: Minor Destruction |       |     2 |    30 |    91 ||   123
       Lesser Servant of |       |       |     1 |     4 ||     5
       Major Destruction |       |       |       |     1 ||     1
Evoke: Wand              |       |       |     3 |     6 ||     9
  Use: Scroll            |     2 |     6 |     4 |     7 ||    19
       Potion            |       |     2 |     1 |       ||     3
 Stab: Sleeping          |     9 |     9 |     2 |     4 ||    24
       Distracted        |       |       |       |     2 ||     2
Armor: Robe              |    12 |     6 |       |       ||    18
       Scale mail        |       |    10 |    68 |    93 ||   171
       Chain mail        |       |       |       |    13 ||    13
Dodge: Dodged            |    50 |    78 |    76 |   114 ||   318
Block: Tower shield      |       |       |    55 |   312 ||   367
